 Dungeon Crawl Stone Soup version 0.28.0-53-g5a82cb258f (webtiles) character file.

Game seed: 1615953860508917003

422 DocClef the Chiller (level 6, 0/44 HPs)
             Began as a Gnoll Ice Elementalist on July 10, 2022.
             Slain by a phantom (3 damage)
             ... on level 3 of the Dungeon.
             The game lasted 00:05:55 (4032 turns).

DocClef the Chiller (Gnoll Ice Elementalist)        Turns: 4032, Time: 00:05:56

Health: 0/44       AC: 12    Str:  9    XL:     6   Next: 95%
Magic:  7/14       EV: 15    Int: 17    God:
Gold:   146        SH:  0    Dex: 13    Spells: 8/15 levels left

rFire   + . .      SeeInvis .   f - +1 falchion (freeze)
rCold   . . .      Faith    .   (no shield)
rNeg    . . .      Spirit   .   m - +2 robe {Will+}
rPois   .          Reflect  .   (no helmet)
rElec   .          Harm     .   (no cloak)
rCorr   .          Rampage  .   (no gloves)
Will    +....                   (no boots)
Stlth   +++.......              (no amulet)
HPRegen 0.14/turn               q - ring of the Octopus King {rF+ AC+1 EV+1 Str+1 Int+1 Dex+1}
MPRegen 0.14/turn               (no ring)

@: ice-armoured
A: fangs 1, strong nose, distributed training
a: no special abilities


You were on level 3 of the Dungeon.
You visited 1 branch of the dungeon, and saw 4 of its levels.

You collected 146 gold pieces.

Inventory:

Hand Weapons
 b - a +0 short sword
 f - a +1 falchion of freezing (weapon)
 n - a +1 dagger of venom
Armour
 m - a +2 robe of willpower (worn)
Jewellery
 q - a ring of the Octopus King (left hand) {rF+ AC+1 EV+1 Str+1 Int+1 Dex+1}
   (You found it on level 4 of the Dungeon)

   [ring of protection from fire]

   AC:        It affects your AC (+1).
   EV:        It affects your evasion (+1).
   Str:       It affects your strength (+1).
   Int:       It affects your intelligence (+1).
   Dex:       It affects your dexterity (+1).
   rF:        It protects you from fire.
Scrolls
 c - 2 scrolls of teleportation {unknown}
 d - 2 scrolls of fog {unknown}
 k - a scroll of identify {unknown}
 l - a scroll of blinking {unknown}
Potions
 e - 2 potions of invisibility {unknown}
 g - 2 potions of degeneration {unknown}
 h - a potion of berserk rage {unknown}
 i - a potion of ambrosia {unknown}
 j - 3 potions of curing {unknown}
 o - a potion of lignification {unknown}
 p - a potion of haste {unknown}


   Skills:
 + Level 2.1 Fighting
 + Level 2.1 Short Blades
 + Level 2.1 Long Blades
 + Level 2.1 Axes
 + Level 2.1 Maces & Flails
 + Level 2.1 Polearms
 + Level 2.1 Staves
 + Level 2.1 Slings
 + Level 2.1 Bows
 + Level 2.1 Crossbows
 + Level 2.1 Throwing
 + Level 2.1 Armour
 + Level 5.1 Dodging
 + Level 4.7 Stealth
 + Level 2.1 Shields
 + Level 2.1 Unarmed Combat
 + Level 5.4 Spellcasting
 + Level 1.7 Conjurations
 + Level 1.7 Hexes
 + Level 1.7 Summonings
 + Level 1.7 Necromancy
 + Level 1.7 Translocations
 + Level 1.7 Transmutations
 + Level 1.7 Fire Magic
 + Level 7.3 Ice Magic
 + Level 1.7 Air Magic
 + Level 1.7 Earth Magic
 + Level 1.7 Poison Magic
 + Level 2.4 Invocations
 + Level 2.1 Evocations


You had 8 spell levels left.
You knew the following spells:

 Your Spells              Type           Power      Damage    Failure   Level
a - Freeze                Ice            100%       1d11      1%          1
b - Frozen Ramparts       Ice            58%        1d7       1%          3
c - Ozocubu's Armour      Ice            29%        N/A       1%          3

Your spell library contained the following spells:

 Spells                   Type           Power      Damage    Failure   Level
 Animate Skeleton         Necr           20%        N/A       7%          1
 Apportation              Tloc           20%        N/A       7%          1
 Summon Small Mammal      Summ           40%        N/A       7%          1
 Portal Projectile        Hex/Tloc       20%        N/A       21%         3
 Hailstorm                Conj/Ice       20%        3d6       21%         4
 Ice Form                 Ice/Tmut       20%        N/A       21%         4
 Summon Ice Beast         Ice/Summ       20%        N/A       21%         4
 Fulminant Prism          Conj/Hex       5%         3d7       54%         4
 Iskenderun's Mystic Bla  Conj/Tloc      10%        2d4       54%         4
 Blade Hands              Tmut           5%         N/A       88%         5
 Excruciating Wounds      Necr           5%         N/A       88%         5
 Lee's Rapid Deconstruct  Erth           5%         3d7*      88%         5


Dungeon Overview and Level Annotations

Branches:
Dungeon (4/15)
 Temple: D:4-7

Altars:


Innate Abilities, Weirdness & Mutations

You have very sharp teeth.
Your uncanny sense of smell can sniff out nearby items.
Your experience applies equally to all skills.


Message History

The phantom is heavily damaged.
The phantom barely misses you.
You barely miss the phantom.
The phantom is heavily damaged.
The phantom barely misses you.
You hit the phantom but do no damage.
The phantom is heavily damaged.
The phantom barely misses you. The phantom hits you!
* * * LOW HITPOINT WARNING * * *
The phantom blinks!
You blink.
Casting: Ozocubu's Armour (safe; 1% risk of failure)
Confirm with . or Enter, or press ? or * to list all spells.
A film of ice covers your body! The phantom closely misses you.
You miss the phantom.
The phantom is moderately damaged.
The phantom closely misses you.
You barely miss the phantom.
The phantom is moderately damaged.
The phantom hits you.
* * * LOW HITPOINT WARNING * * *
You hit the phantom but do no damage.
The phantom is moderately damaged.
The phantom closely misses you.
You barely miss the phantom.
The phantom is moderately damaged.
The phantom hits you.
* * * LOW HITPOINT WARNING * * *
You barely miss the phantom.
The phantom is moderately damaged.
The phantom misses you. The phantom completely misses you.
You closely miss the phantom.
The phantom is moderately damaged.
The phantom barely misses you.
You closely miss the phantom.
The phantom is moderately damaged.
The phantom closely misses you.
You barely miss the phantom.
The phantom is moderately damaged.
The phantom hits you.
You die...

#.#.# #.# #.#.# #.# #.#.# #.#
#.#.# #.# #...# #.# #...# #.#
#### #...# #.#
...#############W#.# #.#
...'..........##@#.####.#########
...##########.##.#.........))....
#'## #.##.##.###.####..... ..#
#.##.....)..# #..†.. ###
#.#####..##.# #..... ..# #.#
##.##.# #..†.. #.###########.#
#..#.# #..... ..............#
##.#.# #.)... #.#############
#...# #.....


You could see a phantom.

Vanquished Creatures
  Sigmund (D:2)
  An ogre (D:4)
  A jelly (D:4)
  An orc wizard (D:3)
  3 adders
  An adder skeleton (D:4)
  A dart slug (D:2)
  6 worms
  14 orcs (D:3)
  5 ball pythons
  8 endoplasms
  3 giant cockroaches
  4 hobgoblins
  5 quokkas
  3 bats
  2 frilled lizards
  5 goblins
  9 kobolds
  3 rats
76 creatures vanquished.

Notes
Turn   | Place    | Note
-------+----------+-------------------------------------------
     0 | D:1      | DocClef the Gnoll Ice Elementalist began the quest for the
                  | Orb.
     0 | D:1      | Reached XP level 1. HP: 13/13 MP: 6/6
   120 | D:1      | Reached XP level 2. HP: 18/19 MP: 3/7
   944 | D:1      | Found a faded altar of an unknown god.
  1149 | D:2      | Reached XP level 3. HP: 12/25 MP: 7/9
  1354 | D:2      | Reached skill level 5 in Spellcasting
  1401 | D:2      | Reached skill level 1 in Invocations
  1987 | D:2      | Reached skill level 1 in Fighting
  1987 | D:2      | Reached skill level 1 in Short Blades
  1987 | D:2      | Reached skill level 1 in Long Blades
  1987 | D:2      | Reached skill level 1 in Axes
  1987 | D:2      | Reached skill level 1 in Maces & Flails
  1987 | D:2      | Reached skill level 1 in Polearms
  1987 | D:2      | Reached skill level 1 in Staves
  1987 | D:2      | Reached skill level 1 in Slings
  1987 | D:2      | Reached skill level 1 in Bows
  1987 | D:2      | Reached skill level 1 in Crossbows
  1987 | D:2      | Reached skill level 1 in Throwing
  1987 | D:2      | Reached skill level 1 in Armour
  1987 | D:2      | Reached skill level 1 in Shields
  1987 | D:2      | Reached skill level 1 in Unarmed Combat
  1987 | D:2      | Reached skill level 1 in Evocations
  2276 | D:2      | Learned a level 3 spell: Frozen Ramparts
  2280 | D:2      | Learned a level 3 spell: Ozocubu's Armour
  2302 | D:2      | Reached XP level 4. HP: 20/31 MP: 11/11
  2438 | D:2      | Noticed Sigmund
  2605 | D:2      | Killed Sigmund
  2606 | D:2      | Reached skill level 1 in Conjurations
  2606 | D:2      | Reached skill level 1 in Hexes
  2606 | D:2      | Reached skill level 1 in Summonings
  2606 | D:2      | Reached skill level 1 in Necromancy
  2606 | D:2      | Reached skill level 1 in Translocations
  2606 | D:2      | Reached skill level 1 in Transmutations
  2606 | D:2      | Reached skill level 1 in Fire Magic
  2606 | D:2      | Reached skill level 1 in Air Magic
  2606 | D:2      | Reached skill level 1 in Earth Magic
  2606 | D:2      | Reached skill level 1 in Poison Magic
  2606 | D:2      | Reached XP level 5. HP: 29/38 MP: 3/12
  2870 | D:3      | Reached XP level 6. HP: 44/44 MP: 8/13
  3434 | D:3      | Reached skill level 5 in Dodging
  3798 | D:4      | Found the ring of the Octopus King
  3808 | D:4      | Identified a ring of the Octopus King {rF+ AC+1 EV+1 Str+1
                  | Int+1 Dex+1}
  4032 | D:3      | Slain by a phantom

Illustrated notes

Levels and vault maps discovered:
D:1:      nicolae_arrival_memento_mori, layout_basic,
          ebering_ecumenical_altar_sacrificial, st_stairs_11,
          serial_park_tiny_pond
D:2:      layout_rooms, uniq_sigmund
D:3:      layout_basic
D:4:      layout_rooms, nicolae_figureground_pulse

Skill      XL: |  1  2  3  4  5  6 |
---------------+-------------------+-----
Spellcasting   | 5 |  5.4
Invocations    | 1 2 |  2.4
Fighting       | 1 2 |  2.1
Short Blades   | 1 2 |  2.1
Long Blades    | 1 2 |  2.1
Axes           | 1 2 |  2.1
Maces & Flails | 1 2 |  2.1
Polearms       | 1 2 |  2.1
Staves         | 1 2 |  2.1
Slings         | 1 2 |  2.1
Bows           | 1 2 |  2.1
Crossbows      | 1 2 |  2.1
Throwing       | 1 2 |  2.1
Armour         | 1 2 |  2.1
Shields        | 1 2 |  2.1
Unarmed Combat | 1 2 |  2.1
Evocations     | 1 2 |  2.1
Conjurations   | 1 |  1.7
Hexes          | 1 |  1.7
Summonings     | 1 |  1.7
Necromancy     | 1 |  1.7
Translocations | 1 |  1.7
Transmutations | 1 |  1.7
Fire Magic     | 1 |  1.7
Air Magic      | 1 |  1.7
Earth Magic    | 1 |  1.7
Poison Magic   | 1 |  1.7
Dodging        | 5 |  5.1
Stealth        | |  4.7
Ice Magic      | |  7.3

Action                   |  1- 3 |  4- 6 || total
-------------------------+-------+-------++-------
Melee: Unarmed           |     4 |       ||     4
       Bite              |     9 |    11 ||    20
       Falchion          |    63 |    58 ||   121
       Short sword       |     5 |       ||     5
       Dagger            |       |    74 ||    74
       Punch             |       |     1 ||     1
 Cast: Freeze            |    26 |       ||    26
       Frozen Ramparts   |       |    10 ||    10
       Ozocubu's Armour  |       |     9 ||     9
 Stab: Sleeping          |     5 |     6 ||    11
       Distracted        |     1 |       ||     1
Armor: Robe              |    11 |    30 ||    41
Dodge: Dodged            |    42 |    81 ||   123
